[Event "Titled Tuesday Blitz February 22 Early 2022"]
[White "volunteers1998"]
[Black "Steil-Antoni, Fiona"]
[BlackFideId "4001249"]
[WhiteElo "2260"]
[BlackElo "2059"]
[Result "1/2-1/2"]
[Round "08"]
[TimeControl "180+1"]
[Date "2022.02.22"]
[WhiteClock "0:00:54"]
[BlackClock "0:00:14"]

1. e4 e5 2. Nf3 Nc6 3. Bc4 Bc5 4. b4 Bxb4 5. c3 Be7 6. d4 d6 7. O-O Nf6 8. Nbd2 Bg4 9. h3 Bh5 10. a4 O-O 11. Ba3 exd4 12. cxd4 Nxd4 13. g4 Nxf3+ 14. Qxf3 Bg6 15. Rfe1 Nd7 16. Bb2 Ne5 17. Qb3 Qc8 18. f4 Nxg4 19. hxg4 Qxg4+ 20. Kh1 Qxf4 21. Re2 Bg5 22. Rf1 Qh4+ 23. Rh2 Bxe4+ 24. Nxe4 Qxe4+ 25. Rg2 h6 26. Bd3 Qc6 27. Bb1 Rae8 28. Qd3 g6 29. Qd4 Re5 30. Qf2 Re6 31. Qd4 Re5 32. Qf2 Re6 33. Qd4 Re5 1/2-1/2


[Site "https://www.chess.com"]

[Event "Titled Tuesday Blitz February 22 Early 2022"]
[White "wisdomboy"]
[Black "Petrova, Irina"]
[BlackFideId "14124122"]
[WhiteElo "2440"]
[BlackElo "1988"]
[Result "1-0"]
[Round "08"]
[TimeControl "180+1"]
[Date "2022.02.22"]
[WhiteClock "0:01:08"]
[BlackClock "0:00:02"]

1. d4 d5 2. c4 c6 3. Nc3 Nf6 4. Nf3 e6 5. Bg5 h6 6. Bh4 dxc4 7. a4 Bb4 8. e3 Nbd7 9. Bxc4 Qa5 10. O-O Bxc3 11. bxc3 Qxc3 12. Rc1 Qa3 13. Ne5 O-O 14. Kh1 Nxe5 15. dxe5 Nd7 16. f4 Qxe3 17. Rf3 Qe4 18. Bd3 Qd5 19. Rg3 Nxe5 20. fxe5 Qxe5 21. Qf3 f5 22. Qh5 Kh7 23. Qg6+ Kh8 24. Be7 Rg8 25. Rh3 Qf4 26. Bg5 Qg4 27. Rxh6+ 1-0


[Site "https://www.chess.com"]

[Event "Titled Tuesday Blitz February 22 Early 2022"]
[White "Aaditya Dhingra"]
[Black "Goltseva, Ekaterina"]
[WhiteFideId "25678191"]
[BlackFideId "24173770"]
[WhiteElo "1789"]
[BlackElo "2140"]
[Result "0-1"]
[Round "09"]
[TimeControl "180+1"]
[Date "2022.02.22"]
[WhiteClock "0:00:03"]
[BlackClock "0:00:15"]

1. e4 e5 2. Nf3 Nc6 3. Bc4 Nf6 4. d3 Be7 5. O-O O-O 6. a4 d5 7. exd5 Nxd5 8. Re1 Bg4 9. h3 Bh5 10. Nbd2 Bf6 11. Ne4 Nb6 12. Bb5 Nd4 13. g4 Bg6 14. Nxd4 exd4 15. a5 Nd5 16. a6 bxa6 17. Bc6 Rb8 18. Bxd5 Qxd5 19. Qf3 Bxe4 20. Rxe4 Qc6 21. g5 Be5 22. Qe2 f6 23. f4 Bd6 24. b3 fxg5 25. fxg5 Rbe8 26. Ba3 Rxe4 27. dxe4 Bxa3 28. Rxa3 Qd6 29. b4 Qxb4 30. Rxa6 Qb1+ 31. Kg2 Qc1 32. h4 Qf4 33. Rxa7 Qxh4 34. e5 Qxg5+ 35. Kh2 Qf4+ 36. Kg2 Qf7 37. e6 Qg6+ 38. Kh2 Re8 39. Ra6 h6 40. e7 Rxe7 41. Qc4+ Qf7 42. Ra8+ Kh7 43. Qd3+ g6 44. Qxd4 Qg7 45. Qc4 Qe5+ 46. Kg2 Qe4+ 47. Qxe4 Rxe4 48. Rc8 Rc4 49. Kf3 Rxc2 0-1


[Site "https://www.chess.com"]

[Event "Titled Tuesday Blitz February 22 Early 2022"]
[White "Abramov, Alexander"]
[Black "Vine, Elzbieta"]
[WhiteFideId "4174089"]
[BlackFideId "1119320"]
[WhiteElo "2078"]
[BlackElo "1873"]
[Result "0-1"]
[Round "09"]
[TimeControl "180+1"]
[Date "2022.02.22"]
[WhiteClock "0:00:07"]
[BlackClock "0:00:08"]

1. e4 c5 2. Nf3 d6 3. d4 cxd4 4. Nxd4 a6 5. Nc3 b5 6. a4 b4 7. Nd5 Bb7 8. Bd3 Nf6 9. Nxf6+ exf6 10. O-O d5 11. Re1 Be7 12. Nf5 O-O 13. Bh6 dxe4 14. Qg4 g6 15. Nxe7+ Qxe7 16. Bxf8 Qxf8 17. Bxe4 Nc6 18. Qd7 Qc5 19. Bd5 Ne5 20. Qxb7 Ra7 21. Qc8+ Qxc8 22. Bb3 Rd7 23. Rad1 Rxd1 24. Rxd1 Qc5 25. Re1 Kg7 26. h3 Nc6 27. Re3 Nd4 0-1


[Site "https://www.chess.com"]

[Event "Titled Tuesday Blitz February 22 Early 2022"]
[White "Arabidze, Meri"]
[Black "Freitag, Manfred"]
[WhiteFideId "13604040"]
[BlackFideId "1602004"]
[WhiteElo "2329"]
[BlackElo "2275"]
[Result "1/2-1/2"]
[Round "09"]
[TimeControl "180+1"]
[Date "2022.02.22"]
[WhiteClock "0:00:06"]
[BlackClock "0:00:56"]

1. Nf3 Nf6 2. g3 g6 3. Bg2 Bg7 4. O-O O-O 5. d4 d6 6. a4 a5 7. Re1 d5 8. Nc3 Bf5 9. Bf4 Nc6 10. Ne5 Ne4 11. Nxc6 bxc6 12. Nxe4 Bxe4 13. Bxe4 dxe4 14. c3 Ra7 15. Qc2 f5 16. e3 h6 17. h4 e6 18. Red1 Qe7 19. Qb3 Kf7 20. Be5 Ra6 21. Qc4 Rb6 22. b3 Rfb8 23. Rab1 Bf6 24. Rd2 Qd7 25. Bxf6 Kxf6 26. b4 Qd5 27. Qxd5 exd5 28. Rdb2 Ra8 29. Kf1 Ke6 30. Ke2 Kd6 31. Kd2 axb4 32. Rxb4 Rba6 33. Ra1 Ra5 34. Kc2 c5 35. dxc5+ Kxc5 36. Kb3 Kd6 37. c4 c6 38. cxd5 Rxd5 39. Rc1 Rd3+ 40. Rc3 c5 41. Rb6+ Kd5 42. Rxg6 Rxc3+ 43. Kxc3 Rxa4 44. Rf6 Ke5 45. Rxh6 Ra2 46. Rc6 Kd5 47. Rf6 Ke5 48. Rc6 Kd5 49. Rf6 Ke5 50. Rc6 1/2-1/2


[Site "https://www.chess.com"]

[Event "Titled Tuesday Blitz February 22 Early 2022"]
[White "Araujo Filho, Luiz Antonio Coel"]
[Black "Iljin, Timofey"]
[WhiteFideId "2130661"]
[BlackFideId "14110180"]
[WhiteElo "2205"]
[BlackElo "2396"]
[Result "0-1"]
[Round "09"]
[TimeControl "180+1"]
[Date "2022.02.22"]
[WhiteClock "0:00:04"]
[BlackClock "0:00:59"]

1. d4 f5 2. e4 f4 3. Nf3 d6 4. Bxf4 Nf6 5. h3 g6 6. Bd3 Bg7 7. O-O O-O 8. Qd2 a5 9. c3 Nc6 10. Bh6 e5 11. d5 Nb8 12. c4 Na6 13. Re1 Nh5 14. Be3 Bxh3 15. Ng5 Bd7 16. Nc3 Nf4 17. Nf3 Bg4 18. Bxf4 Rxf4 19. Be2 Nc5 20. Qc2 Bxf3 21. Bxf3 Qf6 22. Re3 Rf8 23. Ne2 Rh4 24. Ng3 Bh6 25. Re2 Bf4 26. Nf1 Qg5 27. Qc3 Qh6 28. g3 Rh3 29. Bg2 Rh5 30. gxf4 Rxf4 31. Re3 Rfh4 32. Rh3 Rxh3 33. Bxh3 Rxh3 34. Ng3 Nxe4 0-1


[Site "https://www.chess.com"]

[Event "Titled Tuesday Blitz February 22 Early 2022"]
[White "Ashiev, Eduard"]
[Black "Chincholimath, Halsagar"]
[WhiteFideId "4130090"]
[BlackFideId "5022487"]
[WhiteElo "2004"]
[BlackElo "1737"]
[Result "1-0"]
[Round "09"]
[TimeControl "180+1"]
[Date "2022.02.22"]
[WhiteClock "0:00:09"]
[BlackClock "0:00:25"]

1. d4 d5 2. c4 c6 3. Nf3 Nf6 4. Nc3 dxc4 5. a4 Bf5 6. g3 e6 7. Bg2 Nbd7 8. O-O Be7 9. Re1 Ne4 10. a5 a6 11. Nxe4 Bxe4 12. Qa4 O-O 13. Qxc4 Bf6 14. Bf4 Re8 15. Red1 Qc8 16. Ne5 Bxg2 17. Kxg2 Rd8 18. Nf3 c5 19. d5 e5 20. Bg5 Bxg5 21. Nxg5 Nf6 22. d6 Qd7 23. Qxc5 h6 24. Nf3 e4 25. Ne5 Qe6 26. f4 Rac8 27. Qb4 e3 28. Rac1 Rxc1 29. Rxc1 Qxd6 30. Qxd6 Rxd6 31. Rc8+ Kh7 32. Nxf7 Rd7 33. Ne5 Rd2 34. Kf3 Rxb2 35. f5 Nd5 36. Ng6 1-0


[Site "https://www.chess.com"]

[Event "Titled Tuesday Blitz February 22 Early 2022"]
[White "Assaubayeva, Bibisara"]
[Black "Kislov, Oleg"]
[WhiteFideId "13708694"]
[BlackFideId "13503774"]
[WhiteElo "2404"]
[BlackElo "2252"]
[Result "1-0"]
[Round "09"]
[TimeControl "180+1"]
[Date "2022.02.22"]
[WhiteClock "0:00:01"]
[BlackClock "0:00:01"]

1. d4 d5 2. c4 e6 3. Nc3 Nf6 4. cxd5 exd5 5. Bg5 Be7 6. e3 O-O 7. Bd3 c6 8. Nf3 Re8 9. Qc2 h6 10. Bf4 Bd6 11. Be5 Bxe5 12. Nxe5 Nbd7 13. Nf3 Qe7 14. h3 Ne4 15. O-O Ndf6 16. Ne5 Nxc3 17. bxc3 c5 18. Rab1 b6 19. Bb5 Bd7 20. Nxd7 Nxd7 21. Qf5 Red8 22. Qxd5 Nf6 23. Qf3 Rac8 24. Bd3 Nd5 25. Rfc1 g6 26. Bc4 Nf6 27. Qf4 Kg7 28. Bb3 Ne4 29. Rc2 f5 30. f3 Nf6 31. Re1 c4 32. Ba4 Nd5 33. Qe5+ Qxe5 34. dxe5 a6 35. Rcc1 b5 36. Bd1 Kf7 37. f4 Ke6 38. Bf3 Nb6 39. e4 Rd3 40. Kf2 Na4 41. Re3 Rcd8 42. g4 Rxe3 43. Kxe3 Rd3+ 44. Kf2 fxe4 45. Bxe4 Rd2+ 46. Ke3 Rxa2 47. Rd1 Nxc3 48. Rd6+ Ke7 49. Bxg6 b4 50. f5 Re2+ 51. Kd4 Nb5+ 52. Kxc4 Nxd6+ 53. exd6+ Kxd6 54. Kxb4 Ke5 55. Ka5 Ra2+ 56. Kb4 Kf6 57. h4 Rg2 58. g5+ hxg5 59. hxg5+ Kxg5 60. Ka5 Ra2+ 61. Kb4 Kf6 62. Kb3 Rf2 63. Kb4 Ra2 64. Kb3 Ra5 65. Kb4 Rb5+ 66. Ka4 Re5 67. Kb4 Ke7 68. Ka4 Rd5 69. Kb4 Rd6 70. Ka5 Kd7 71. Bf7 Kc7 72. Be6 Kb7 73. Bc4 1-0


[Site "https://www.chess.com"]

[Event "Titled Tuesday Blitz February 22 Early 2022"]
[White "Atakhan, Abtin"]
[Black "Srihari L R"]
[WhiteFideId "22502203"]
[BlackFideId "46617116"]
[WhiteElo "2119"]
[BlackElo "2121"]
[Result "0-1"]
[Round "09"]
[TimeControl "180+1"]
[Date "2022.02.22"]
[WhiteClock "0:00:03"]
[BlackClock "0:01:58"]

1. Nf3 c5 2. c4 Nc6 3. Nc3 Nf6 4. g3 e6 5. Bg2 d5 6. cxd5 exd5 7. d4 cxd4 8. Nxd4 Bc5 9. Nb3 Bb6 10. O-O d4 11. Na4 O-O 12. Bg5 h6 13. Nxb6 axb6 14. Bxf6 Qxf6 15. Bxc6 bxc6 16. Qxd4 c5 17. Qxf6 gxf6 18. Nd2 Rd8 19. Nc4 Be6 20. Rfc1 b5 21. Na3 b4 22. Nc4 Rd4 23. Ne3 Rd2 24. Rxc5 Rxb2 25. Rb5 b3 26. a4 Ra2 27. Rb1 R8xa4 28. Nd5 Ra1 29. Rxa1 Rxa1+ 30. Kg2 Bxd5+ 0-1


[Site "https://www.chess.com"]

[Event "Titled Tuesday Blitz February 22 Early 2022"]
[White "Baches Garcia, Guillermo"]
[Black "Lauridsen, Jesper Morch"]
[WhiteFideId "2209764"]
[BlackFideId "1401890"]
[WhiteElo "2390"]
[BlackElo "2290"]
[Result "1-0"]
[Round "09"]
[TimeControl "180+1"]
[Date "2022.02.22"]
[WhiteClock "0:00:14"]
[BlackClock "0:00:01"]

1. c4 e6 2. d4 d5 3. Nc3 c5 4. e3 Nf6 5. Nf3 a6 6. cxd5 exd5 7. dxc5 Bxc5 8. Be2 Nc6 9. O-O O-O 10. b3 Re8 11. Bb2 Bg4 12. Nd4 Bxd4 13. Bxg4 Be5 14. Bf3 Qd6 15. g3 Rad8 16. Na4 Bxb2 17. Nxb2 d4 18. Nc4 Qe7 19. Bxc6 dxe3 20. Qf3 exf2+ 21. Rxf2 bxc6 22. Qxc6 Ng4 23. Rc2 Rc8 24. Qf3 Ne5 25. Qe2 Nxc4 26. Qxe7 Rxe7 27. Rac1 Rec7 28. bxc4 Rc5 29. Kf2 Kf8 30. Ke3 Re5+ 31. Kd4 f6 32. c5 Rd8+ 33. Kc4 Re4+ 34. Kb3 Re3+ 35. Kb2 Rb8+ 36. Ka1 Rc8 37. c6 Ke7 38. Rd1 Rc7 39. Rd5 Re6 40. Rdc5 Kd6 41. Kb2 Re4 42. Kb3 Re3+ 43. Kb4 Re4+ 44. Ka5 Re3 45. a4 Ra3 46. R5c4 Ra1 47. Kxa6 Kd5 48. a5 1-0


[Site "https://www.chess.com"]

[Event "Titled Tuesday Blitz February 22 Early 2022"]
[White "Barbashin, Igor"]
[Black "Mikhalsky, Vladimir"]
[WhiteFideId "4155718"]
[BlackFideId "14144352"]
[WhiteElo "2138"]
[BlackElo "2248"]
[Result "0-1"]
[Round "09"]
[TimeControl "180+1"]
[Date "2022.02.22"]
[WhiteClock "0:00:09"]
[BlackClock "0:00:18"]

1. d4 Nf6 2. c4 g6 3. Nc3 Bg7 4. Nf3 O-O 5. e4 d6 6. Be2 e5 7. O-O Nc6 8. dxe5 dxe5 9. Bg5 Be6 10. Qxd8 Nxd8 11. Nd5 Nxe4 12. Nxc7 Nxg5 13. Nxa8 Nxf3+ 14. gxf3 Nc6 15. Nc7 Bh3 16. Rfd1 Nd4 17. Bf1 Nxf3+ 18. Kh1 Bg4 19. Nd5 Nd4 20. Rd2 Bh6 21. f4 Bf3+ 22. Bg2 Bxd5 23. cxd5 Bxf4 24. Rd3 f5 25. Rf1 Bg5 26. d6 Rd8 27. Bxb7 Rxd6 28. Rfd1 Rb6 29. Bd5+ Kg7 30. b3 Bf6 31. Bc4 g5 32. a4 g4 33. a5 Rd6 34. Kg2 h5 35. b4 h4 36. b5 h3+ 37. Kh1 f4 38. b6 axb6 39. a6 Rd7 40. Bb5 Ra7 41. Rxd4 exd4 42. Rc1 g3 43. hxg3 fxg3 44. Rc6 d3 45. Rxb6 g2+ 46. Kh2 Be5+ 47. Kxh3 g1=Q 48. Rb7+ Rxb7 49. axb7 Qg3# 0-1


[Site "https://www.chess.com"]

[Event "Titled Tuesday Blitz February 22 Early 2022"]
[White "Bashirli, Saadat"]
[Black "Prohorov, Olexandr"]
[WhiteFideId "13429990"]
[BlackFideId "14105578"]
[WhiteElo "1173"]
[BlackElo "1993"]
[Result "0-1"]
[Round "09"]
[TimeControl "180+1"]
[Date "2022.02.22"]
[WhiteClock "0:02:18"]
[BlackClock "0:00:51"]

1. d4 g6 2. e4 Bg7 3. Nc3 d6 4. Be2 Nf6 5. h4 h5 6. Nf3 c6 7. O-O Qc7 8. Ng5 b5 9. a3 Nbd7 10. Bf4 e5 11. dxe5 dxe5 12. Be3 O-O 13. Bc5 Nxc5 14. Bf3 Ne6 15. Nxe6 Bxe6 16. b3 Bg4 17. Qe2 Bxf3 18. Qxf3 Rfd8 19. Rad1 Rd6 20. Rxd6 Qxd6 21. Rd1 Qe7 22. b4 Rd8 23. Re1 Rd4 24. Qe3 Ng4 25. Qe2 Bh6 26. Rd1 Qd6 27. Rxd4 Qxd4 28. Kf1 Qxc3 0-1


[Site "https://www.chess.com"]

[Event "Titled Tuesday Blitz February 22 Early 2022"]
[White "Blohberger, Felix"]
[Black "Van Foreest, Jorden"]
[WhiteFideId "1632051"]
[BlackFideId "1039784"]
[WhiteElo "2474"]
[BlackElo "2609"]
[Result "0-1"]
[Round "09"]
[TimeControl "180+1"]
[Date "2022.02.22"]
[WhiteClock "0:00:01"]
[BlackClock "0:00:34"]

1. e4 c6 2. Nf3 d5 3. d3 dxe4 4. dxe4 Qxd1+ 5. Kxd1 Nd7 6. a4 Ngf6 7. Nfd2 g5 8. Nc3 h5 9. Nc4 Bh6 10. f3 g4 11. Bxh6 Rxh6 12. f4 Nc5 13. e5 Nd5 14. Nxd5 cxd5 15. Nd2 Bf5 16. b4 Ne6 17. Bb5+ Kf8 18. Rf1 Rc8 19. Rc1 Nd4 20. c3 Nxb5 21. axb5 Bd3 22. Rf2 Bxb5 23. Kc2 Rhc6 24. Kb2 d4 25. c4 Bxc4 26. f5 Bd3 27. Rxc6 Rxc6 28. Nb3 Rc4 29. Ka3 b6 30. f6 Be4 31. g3 d3 32. Rf4 Bd5 33. Rxc4 Bxc4 34. Nd2 Bb5 35. Kb2 exf6 36. exf6 Ke8 37. Kc3 Kd7 38. Nb3 Kd6 39. Nd4 a6 40. Nf5+ Ke5 41. Ng7 Ke4 42. Kd2 a5 43. bxa5 bxa5 44. Nxh5 a4 45. Nf4 a3 46. Ne6 Bc4 47. Nc5+ Kd4 48. Nxd3 Bxd3 49. Kc1 Kc3 0-1


[Site "https://www.chess.com"]

[Event "Titled Tuesday Blitz February 22 Early 2022"]
[White "Bortnyk, Olexandr"]
[Black "Indjic, Aleksandar"]
[WhiteFideId "14120828"]
[BlackFideId "911925"]
[WhiteElo "2723"]
[BlackElo "2616"]
[Result "0-1"]
[Round "09"]
[TimeControl "180+1"]
[Date "2022.02.22"]
[WhiteClock "0:00:08"]
[BlackClock "0:00:12"]

1. e4 d6 2. d4 Nf6 3. Nc3 e5 4. Nf3 Nbd7 5. Bc4 Be7 6. O-O h6 7. Qe2 c6 8. Rd1 Qc7 9. a4 g5 10. d5 Nf8 11. a5 Ng6 12. Ne1 Nf4 13. Qf1 cxd5 14. Bxd5 N4xd5 15. Nxd5 Nxd5 16. Rxd5 Be6 17. Rd1 a6 18. b3 Qc6 19. Qd3 O-O 20. c4 f5 21. exf5 Rxf5 22. Be3 Raf8 23. Ra2 h5 24. Rad2 g4 25. Nc2 Kg7 26. Nb4 Qc8 27. Qe4 R8f7 28. Nd5 Bxd5 29. Rxd5 Bf8 30. c5 dxc5 31. Rxe5 Qc6 32. Qxf5 Rxf5 33. Rxf5 Qe6 34. Rg5+ Kf6 35. Rxh5 Qxb3 36. h3 Qxd1+ 37. Kh2 g3+ 0-1


[Site "https://www.chess.com"]

[Event "Titled Tuesday Blitz February 22 Early 2022"]
[White "Cherniaiev, Tykhon"]
[Black "Galyas, Miklos"]
[WhiteFideId "14182360"]
[BlackFideId "707244"]
[WhiteElo "2289"]
[BlackElo "2409"]
[Result "1/2-1/2"]
[Round "09"]
[TimeControl "180+1"]
[Date "2022.02.22"]
[WhiteClock "0:00:10"]
[BlackClock "0:00:35"]

1. Nf3 f5 2. d3 Nc6 3. e4 e5 4. d4 fxe4 5. Nxe5 Qf6 6. Nxc6 dxc6 7. Nc3 Bf5 8. Be3 Bd6 9. Qd2 Ne7 10. Bc4 O-O-O 11. O-O-O Kb8 12. h3 h6 13. a3 a6 14. Qe2 Rhe8 15. Rhe1 Nc8 16. d5 c5 17. g4 Bh7 18. Bxa6 bxa6 19. Qxa6 Be5 20. Qc4 Nb6 21. Qxc5 Bg8 22. Bd4 Bxd4 23. Qxd4 Qxd4 24. Rxd4 Nxd5 25. Nxe4 c5 26. Rdd1 c4 27. Nc5 c3 28. Rxe8 Rxe8 29. bxc3 Nxc3 30. Rd3 Nd5 31. Rd4 g5 32. Ne4 Nf4 33. Kb2 Nxh3 34. Nf6 Rc8 35. Rd6 Nxf2 36. a4 Nh3 37. a5 Nf4 38. a6 Bc4 39. Nd7+ Ka7 40. Rxh6 Bxa6 41. Ne5 Rc5 42. Nc6+ Kb6 43. Nb4+ Kb5 44. Nxa6 Rc6 45. Rxc6 Kxc6 46. Kc3 Nd5+ 47. Kd4 Nf6 48. Nb4+ Kb5 49. Nd5 Nxg4 50. c4+ Ka6 51. Nb4+ Kb7 52. c5 Nf6 53. c6+ Kc7 54. Kc5 Ne4+ 55. Kb5 Nd6+ 56. Kc5 Ne4+ 57. Kd5 Nc3+ 58. Kd4 Na2 59. Nxa2 Kxc6 60. Ke3 g4 61. Kf4 g3 62. Kxg3 1/2-1/2


[Site "https://www.chess.com"]

[Event "Titled Tuesday Blitz February 22 Early 2022"]
[White "Chernomordik, Pavel"]
[Black "Barp, Alberto"]
[WhiteFideId "2804530"]
[BlackFideId "872555"]
[WhiteElo "2249"]
[BlackElo "2229"]
[Result "0-1"]
[Round "09"]
[TimeControl "180+1"]
[Date "2022.02.22"]
[WhiteClock "0:00:01"]
[BlackClock "0:00:07"]

1. e4 c6 2. Nc3 d5 3. Qf3 Nf6 4. d3 g6 5. Bd2 Bg7 6. h3 O-O 7. O-O-O e5 8. g4 Be6 9. Kb1 Na6 10. Qg3 d4 11. Nce2 Nd7 12. f4 f6 13. Nf3 Qb6 14. fxe5 fxe5 15. Ng5 Nac5 16. Nxe6 Nxe6 17. h4 Ndc5 18. g5 Na4 19. Bc1 Nf4 20. Ka1 Rf7 21. Nxf4 Rxf4 22. h5 Raf8 23. hxg6 hxg6 24. Qh3 c5 25. Be2 Kf7 26. Rhf1 Rxf1 27. Qd7+ Kg8 28. Bxf1 Qc6 29. Bh3 Rf3 30. Be6+ Kf8 31. Qxc6 bxc6 32. Bd7 Nb6 33. Bxc6 Rf2 34. Kb1 c4 35. Bd2 Ke7 36. Bb4+ Kd8 37. Bc5 Kc7 38. Be8 Na4 39. Be7 Nb6 40. Bxg6 Kd7 41. Bc5 cxd3 42. cxd3 Rg2 43. Bf5+ Kc6 44. Bxb6 Kxb6 45. g6 Bh6 46. a4 Rh2 47. Rg1 Bg7 48. b4 a5 49. b5 Kc5 50. Rc1+ Kb4 51. b6 Kb3 52. Be6+ Ka3 53. b7 Rb2+ 54. Ka1 Rxb7 55. Bc4 Kxa4 0-1


[Site "https://www.chess.com"]

[Event "Titled Tuesday Blitz February 22 Early 2022"]
[White "Clawitter, Craig"]
[Black "Sumaneev, Dmitry"]
[WhiteFideId "2023105"]
[BlackFideId "4125312"]
[WhiteElo "2197"]
[BlackElo "2516"]
[Result "0-1"]
[Round "09"]
[TimeControl "180+1"]
[Date "2022.02.22"]
[WhiteClock "0:00:02"]
[BlackClock "0:00:30"]

1. e4 e6 2. d4 d5 3. e5 c5 4. c3 Nc6 5. Nf3 Qb6 6. a3 c4 7. Nbd2 Na5 8. g3 Bd7 9. Bg2 h6 10. O-O Ne7 11. h4 Nec6 12. Rb1 Be7 13. b4 cxb3 14. Nxb3 Nxb3 15. Rxb3 Qc7 16. Bf4 Na5 17. Rb1 Bxa3 18. h5 Be7 19. Nh2 Nc4 20. Qg4 Bf8 21. Ra1 Bc6 22. Rfb1 a5 23. Bf1 b5 24. Nf3 a4 25. Nd2 a3 26. Nxc4 dxc4 27. Ra2 Ra5 28. Bd2 Bd5 29. Qf4 Be7 30. Bh3 Bg5 31. Qg4 Qe7 32. f4 Be4 33. Rba1 Bf5 34. Qf3 Bxh3 35. fxg5 Bf5 36. g4 Bd3 37. Bc1 hxg5 0-1


[Site "https://www.chess.com"]

[Event "Titled Tuesday Blitz February 22 Early 2022"]
[White "Dahanayake, Isara Banidu"]
[Black "Pasti, Aron"]
[WhiteFideId "9932631"]
[BlackFideId "785857"]
[WhiteElo "1394"]
[BlackElo "2080"]
[Result "0-1"]
[Round "09"]
[TimeControl "180+1"]
[Date "2022.02.22"]
[WhiteClock "0:00:31"]
[BlackClock "0:00:04"]

1. d4 d5 2. Nf3 Nf6 3. Bg5 Bf5 4. e3 e6 5. Bd3 Bxd3 6. Qxd3 Be7 7. O-O Nbd7 8. Nbd2 h6 9. Bf4 O-O 10. e4 dxe4 11. Nxe4 Nxe4 12. Qxe4 Nf6 13. Qxb7 Rb8 14. Qxc7 Rxb2 15. Qc3 Qb6 16. Qd3 Nd5 17. Bd2 Rc8 18. c4 Nb4 19. Bxb4 Qxb4 20. Ne5 Bf6 21. Rfc1 Bxe5 22. dxe5 Rd2 23. Qb3 Qc5 24. Qg3 Rcd8 25. Rab1 Rxa2 26. Rd1 Rxd1+ 27. Rxd1 Qxc4 28. h4 Qe2 29. Rd8+ Kh7 30. Rd7 Qe1+ 31. Kh2 Qxf2 32. Qd3+ Qf5 33. Qxf5+ exf5 34. Rxf7 Kg6 35. e6 Re2 36. h5+ Kxh5 37. e7 Kg6 38. e8=Q Rxe8 39. Rxa7 f4 40. Ra6+ Kh5 41. Kh3 g5 42. Ra5 Re3+ 43. Kh2 Re2 44. Rd5 f3 45. Rd3 Rxg2+ 46. Kh1 g4 47. Rd5+ Kh4 48. Rd6 Ra2 49. Rxh6+ Kg3 0-1


[Site "https://www.chess.com"]

[Event "Titled Tuesday Blitz February 22 Early 2022"]
[White "De Souza, Cristiano Gomes"]
[Black "Dilmukhametov, Artur"]
[WhiteFideId "2151758"]
[BlackFideId "24179922"]
[WhiteElo "2068"]
[BlackElo "2266"]
[Result "0-1"]
[Round "09"]
[TimeControl "180+1"]
[Date "2022.02.22"]
[WhiteClock "0:00:43"]
[BlackClock "0:01:22"]

1. d4 e5 2. dxe5 Nc6 3. Nf3 Qe7 4. Bf4 Qb4+ 5. Bd2 Qxb2 6. Nc3 Bb4 7. Rb1 Qxc3 8. Bxc3 Bxc3+ 9. Nd2 Nxe5 10. e3 Nf6 11. Be2 Ne4 12. O-O Nxd2 13. f4 Nxf1 14. fxe5 Nxe3 15. Qd3 Bxe5 16. Qxe3 d6 17. Bf3 c6 18. Rd1 O-O 19. Qd3 Be6 20. c4 c5 21. Bxb7 Rab8 22. Rb1 g6 23. Be4 Kg7 24. g3 a5 25. a4 Rb4 26. Rxb4 axb4 27. Qb3 Rd8 28. a5 Rd7 29. a6 Ra7 30. Bb7 Bc3 31. Kg2 Bf5 32. Qa4 Rxb7 33. axb7 Be4+ 34. Kf2 Bxb7 35. Qd7 Ba6 36. Qxd6 Bd4+ 37. Ke1 Bxc4 38. h4 h5 39. Qf4 b3 40. Kd2 b2 41. Kc2 Bd3+ 42. Kxd3 b1=Q+ 0-1


[Site "https://www.chess.com"]

[Event "Titled Tuesday Blitz February 22 Early 2022"]
[White "Deac, Bogdan-Daniel"]
[Black "Yuan, Qingyu"]
[WhiteFideId "1226380"]
[BlackFideId "8609772"]
[WhiteElo "2646"]
[BlackElo "2359"]
[Result "1-0"]
[Round "09"]
[TimeControl "180+1"]
[Date "2022.02.22"]
[WhiteClock "0:00:05"]
[BlackClock "0:00:03"]

1. Nf3 d5 2. d4 Nf6 3. c4 e6 4. Bg5 dxc4 5. e4 c5 6. Bxc4 cxd4 7. O-O Nc6 8. Nbd2 h6 9. Bh4 Be7 10. e5 Nd7 11. Bxe7 Qxe7 12. Re1 O-O 13. Nb3 Rd8 14. Qd3 Nb4 15. Qe4 Nb6 16. Bf1 d3 17. Red1 Bd7 18. Nbd4 Ba4 19. b3 Bc6 20. Nxc6 Nxc6 21. Bxd3 g6 22. h4 Nd5 23. Rac1 h5 24. g4 hxg4 25. Qxg4 Ndb4 26. Bb1 Rxd1+ 27. Rxd1 Rd8 28. Re1 Kg7 29. h5 Rg8 30. hxg6 Kf8 31. Ng5 Nd5 32. Kg2 Nd8 33. Rh1 fxg6 34. Rh7 Rg7 35. Rh8+ Rg8 36. Rh7 Rg7 37. Rh3 Rg8 38. Be4 Ke8 39. Rf3 Rf8 40. Bxd5 exd5 41. Rxf8+ Qxf8 42. e6 Ke7 43. Qb4+ Ke8 44. Qb5+ Nc6 45. Qxb7 Ne5 46. Qc8+ Ke7 47. Qc7+ Kf6 48. Nh7+ Kf5 49. Nxf8 1-0


[Site "https://www.chess.com"]

[Event "Titled Tuesday Blitz February 22 Early 2022"]
[White "Demin, Vladimir"]
[Black "Loy, Konstantin"]
[WhiteFideId "4167457"]
[BlackFideId "14122499"]
[WhiteElo "2571"]
[BlackElo "2084"]
[Result "1/2-1/2"]
[Round "09"]
[TimeControl "180+1"]
[Date "2022.02.22"]
[WhiteClock "0:00:03"]
[BlackClock "0:00:08"]

1. d4 Nf6 2. g4 Nxg4 3. e4 d5 4. Be2 h5 5. h3 Nh6 6. exd5 g6 7. c4 Bg7 8. Nf3 O-O 9. Bxh6 Bxh6 10. Nc3 c6 11. Rg1 cxd5 12. Ne5 Bg7 13. Nxd5 Nc6 14. Bxh5 Nxe5 15. dxe5 Qa5+ 16. b4 Qd8 17. Bxg6 fxg6 18. Rxg6 Bf5 19. Rg3 Qe8 20. Qe2 Rd8 21. O-O-O Be6 22. Rdg1 Rf7 23. Nc7 Qc6 24. Nxe6 Qxe6 25. Rg6 Qd7 26. e6 Qd4 27. exf7+ Kf8 28. Rxg7 Qa1+ 29. Kc2 Qxa2+ 30. Kc1 Qa1+ 31. Kc2 Qa2+ 32. Kc3 Qa3+ 33. Kc2 Qa2+ 1/2-1/2


[Site "https://www.chess.com"]

[Event "Titled Tuesday Blitz February 22 Early 2022"]
[White "Devaev, Alexander"]
[Black "Tologon tegin, Semetei"]
[WhiteFideId "4169395"]
[BlackFideId "13800574"]
[WhiteElo "2185"]
[BlackElo "2258"]
[Result "0-1"]
[Round "09"]
[TimeControl "180+1"]
[Date "2022.02.22"]
[WhiteClock "0:00:10"]
[BlackClock "0:00:03"]

1. Nf3 d5 2. d4 Nf6 3. c4 e6 4. Nc3 Be7 5. cxd5 exd5 6. Bg5 Nbd7 7. e3 Nf8 8. Bd3 Ne6 9. Bh4 g6 10. O-O Ng7 11. Bxf6 Bxf6 12. b4 Bf5 13. b5 O-O 14. Rc1 Rc8 15. Bxf5 Nxf5 16. Qb3 Ne7 17. Rc2 Qd6 18. Rfc1 g5 19. Ne1 Rfd8 20. Nd3 Nf5 21. a4 Bxd4 22. exd4 Nxd4 23. Qb2 Nxc2 24. Qxc2 c5 25. Rd1 c4 26. Ne1 d4 27. Nf3 d3 28. Qd2 h6 29. h3 Re8 30. Rc1 Qb4 31. Re1 Rxe1+ 32. Nxe1 Re8 33. Nf3 a6 34. g3 axb5 35. axb5 Kg7 36. Kg2 Kf6 37. h4 Qc5 38. hxg5+ hxg5 39. g4 Kg6 40. Nh2 f6 41. Nf1 Qd4 42. f3 Qe5 43. Ng3 Qc5 44. Nge4 Qb4 45. Kg3 Ra8 46. Qh2 Ra1 47. Qh5+ Kg7 48. Nxg5 Qd6+ 49. Kg2 fxg5 50. Qxg5+ Kf7 51. Qf5+ Ke8 52. Nd5 Ra2+ 53. Kf1 Ra1+ 54. Kg2 Ra2+ 55. Kf1 d2 56. Qh5+ Kd7 57. Qg5 d1=Q# 0-1


[Site "https://www.chess.com"]

[Event "Titled Tuesday Blitz February 22 Early 2022"]
[White "Dew, Brian"]
[Black "Kornyukov, Alexey"]
[WhiteFideId "6000495"]
[BlackFideId "4150457"]
[WhiteElo "2118"]
[BlackElo "2303"]
[Result "1-0"]
[Round "09"]
[TimeControl "180+1"]
[Date "2022.02.22"]
[WhiteClock "0:00:51"]
[BlackClock "0:01:38"]

1. b3 d5 2. Bb2 Nf6 3. Nf3 Nc6 4. e3 Bg4 5. Be2 e6 6. h3 Bf5 7. a3 Bd6 8. Nh4 Be4 9. O-O O-O 10. d3 Bg6 11. f4 Nd7 12. Qe1 Bc5 13. Bf3 Bxe3+ 14. Qxe3 Qxh4 15. Nd2 Qe7 16. Rae1 Rfe8 17. Qf2 Rad8 18. Bxd5 Qd6 19. Be4 Bxe4 20. Nxe4 Qe7 21. f5 exf5 22. Nf6+ Nxf6 23. Rxe7 Rxe7 24. Bxf6 gxf6 25. Qxf5 Re2 26. Qg4+ 1-0


[Site "https://www.chess.com"]